 Dungeon Crawl Stone Soup version 0.29-a0-340-g6efceafd81 (webtiles) character file.

Game seed: 16891119921898796030

238 zeratav the Cutter (level 6, 0/28 HPs)
             Began as a Vine Stalker Enchanter on Apr 20, 2022.
             Slain by a black bear (2 damage)
             ... on level 5 of the Dungeon.
             The game lasted 00:11:49 (4291 turns).

zeratav the Cutter (Vine Stalker Enchanter)         Turns: 4291, Time: 00:11:49

Health: 0/28       AC:  3    Str: 10    XL:     6   Next: 7%
Magic:  0/10       EV: 12    Int: 15    God:
Gold:   177        SH:  0    Dex: 17    Spells: 7/9 levels left

rFire   . . .      SeeInvis .   a - +1 dagger {short}
rCold   . . .      Faith    +   (no shield)
rNeg    + . .      Spirit   +   b - +0 robe
rPois   .          Reflect  .   (no helmet)
rElec   .          Harm     .   e - scarf {shadows}
rCorr   .          Rampage  .   q - +0 pair of gloves
Will    +....                   (no boots)
Stlth   +++.......              k - amulet of faith {!P}
HPRegen 0.89/turn               l - ring of willpower
MPRegen 0.12/turn               B - ring of positive energy

@: very slightly contaminated
A: fangs 2, regeneration 1, magic shield, antimagic bite, no potion heal 2
a: no special abilities


You were on level 5 of the Dungeon.
You visited 1 branch of the dungeon, and saw 5 of its levels.

You collected 177 gold pieces.


Innate Abilities, Weirdness & Mutations

You have extremely sharp teeth.
Your natural rate of healing is unusually fast.
When hurt, damage is shared between your health and your magic reserves.
Your bite disrupts and absorbs the magic of your enemies.
Potions cannot restore your health.


   Skills:
 + Level 5.1 Short Blades
 + Level 0.5 Armour
 - Level 1.5 Dodging
 - Level 3.6 Stealth
 - Level 2.1 Spellcasting
 + Level 3.2 Hexes


You had 7 spell levels left.
You knew the following spells:

 Your Spells              Type           Power      Damage    Failure   Level
a - Ensorcelled Hibernat  Hex/Ice        12%        N/A       17%         2

Your spell library contained the following spells:

 Spells                   Type           Power      Damage    Failure   Level
 Confusing Touch          Hex            11%        N/A       17%         3
 Tukima's Dance           Hex            11%        N/A       17%         3
 Dazzling Flash           Conj/Hex       12%        N/A       34%         3
 Gell's Gravitas          Tloc           1%         N/A       54%         3
 Lesser Beckoning         Tloc           1%         N/A       54%         3
 Teleport Other           Tloc           1%         N/A       54%         3

Inventory:

Hand Weapons
 a - a +1 dagger (weapon) {short}
 A - the +3 flail "Xung" {vorpal, rF+, mace}
   (You found it on level 3 of the Dungeon)

   It inflicts extra damage upon your enemies.
   rF:        It protects you from fire.
 I - a +0 vampiric hand axe {axe}
   (You took it off an orc on level 4 of the Dungeon)
Armour
 b - a +0 robe (worn)
 e - a scarf of shadows (worn)
   (You found it on level 1 of the Dungeon)
 g - a +0 robe
   (You took it off an orc wizard on level 4 of the Dungeon)
 h - a +0 robe
   (You took it off an orc wizard on level 4 of the Dungeon)
 q - a +0 pair of gloves (worn)
   (You found it on level 2 of the Dungeon)
Jewellery
 k - an amulet of faith (around neck) {!P}
   (You found it on level 1 of the Dungeon)
 l - a ring of willpower (left hand)
   (You found it on level 2 of the Dungeon)
 B - a ring of positive energy (right hand)
   (You found it on level 3 of the Dungeon)
Wands
 D - a wand of flame (13)
   (You found it on level 4 of the Dungeon)
Scrolls
 d - 2 scrolls of teleportation {unknown}
 f - 4 scrolls of identify {unknown}
 j - 2 scrolls of fear {unknown}
 o - 2 scrolls of magic mapping {unknown}
 p - a scroll of enchant weapon {unknown}
 u - a scroll of summoning {unknown}
 w - a scroll of torment {unknown}
 x - a scroll of vulnerability {unknown}
Potions
 c - 3 potions of invisibility
 i - 2 potions of flight {unknown}
 m - 2 potions of cancellation {unknown}
 n - a potion of ambrosia {unknown}
 r - 2 potions of mutation {unknown}
 t - 2 potions of berserk rage {unknown}
 C - 2 potions of curing {unknown}
 E - 2 potions of lignification {unknown}

Dungeon Overview and Level Annotations

Branches:
Dungeon (5/15)
 Temple: D:4-7

Altars:
Nemelex Xobeh

Annotations:
D:4 3 runed translucent doors, durneh's ghost, amateur DsFE

. ##. ###### ..#
#....# #.# #.##.#
#.# #.##.# #h#
#.##.### #@#
#.##...# #.#
####.####.######.#
.....# #........#
###### ##########


You could see a black bear.


Message History

There is an open door here.
There is an open door here.
You enter the shallow water.
Moving in this stuff is going to be slow.
You open the door.
There is an open door here.
There is an open door here.
(D) Dungeon
Where to? (Enter - D:4 @ (x,y), ? - help)
There is an open door here.
There is a stone staircase leading down here.
You climb downwards.
There is a stone staircase leading up here.
You see here a +0 mace {mace}.
You now have 177 gold pieces (gained 13).
A black bear comes into view.
The black bear growls angrily.
You closely miss the black bear. Your bite misses the black bear.
Casting: Ensorcelled Hibernation (safe; 17% risk of failure)
Confirm with . or Enter, or press ? or * to list all spells.
Aiming: Ensorcelled Hibernation (safe; 17% risk of failure)
Press: ? - help, Shift-Dir - straight line, f - black bear
Aim: a black bear (chance to affect: 39%)
You miscast Ensorcelled Hibernation.
You are very lightly contaminated with residual magic.
Nothing appears to happen.
The black bear bites you. The black bear claws you.
The black bear claws you but does no damage.
HP[-5] MP[-4]
You take 5 damage, and now have 23/28 hp.
You lost 4 mp, and now have 6/10 mp.
Casting: Ensorcelled Hibernation (safe; 17% risk of failure)
Confirm with . or Enter, or press ? or * to list all spells.
Aiming: Ensorcelled Hibernation (safe; 17% risk of failure)
Press: ? - help, Shift-Dir - straight line, f/p - black bear
Aim: a black bear (chance to affect: 39%)
You miscast Ensorcelled Hibernation.
Nothing appears to happen.
The black bear bites you. The black bear misses you. The black bear claws you.
HP[-4] MP[-3]
You take 4 damage, and now have 19/28 hp.
You lost 3 mp, and now have 3/10 mp.
Casting: Ensorcelled Hibernation (safe; 17% risk of failure)
Confirm with . or Enter, or press ? or * to list all spells.
Aiming: Ensorcelled Hibernation (safe; 17% risk of failure)
Press: ? - help, Shift-Dir - straight line, f/p - black bear
Aim: a black bear (chance to affect: 39%)
You miscast Ensorcelled Hibernation.
Nothing appears to happen.
The black bear bites you. The black bear claws you.
The black bear closely misses you.
HP[-4] MP[-3]
You take 4 damage, and now have 15/28 hp.
You lost 3 mp, and now have 0/10 mp.
You hit the black bear. You bite the black bear. You drain its power.
You feel invigorated.
The black bear bites you but does no damage.
The black bear claws you but does no damage. x2
HP[+1] MP[+2]
You regained 2 mp, and now have 2/10 mp.
You hit the black bear. The black bear bites you.
* * * LOW HITPOINT WARNING * * *
The black bear barely misses you. The black bear claws you.
* * * LOW HITPOINT WARNING * * *
HP[-6] MP[-1]
You take 6 damage, and now have 10/28 hp.
MASSIVE DAMAGE!! (PAUSE)
You lost 1 mp, and now have 1/10 mp.
You barely miss the black bear. The black bear closely misses you.
The black bear barely misses you. The black bear closely misses you.
HP[+1]
You hit the black bear.
HP[+1]
You hit the black bear. Your bite misses the black bear.
The black bear bites you.
* * * LOW HITPOINT WARNING * * *
The black bear claws you.
* * * LOW HITPOINT WARNING * * *
The black bear claws you.
* * * LOW HITPOINT WARNING * * *
HP[-7] MP[-1]
You take 7 damage, and now have 5/28 hp.
MASSIVE DAMAGE!! (PAUSE)
You lost 1 mp, and now have 0/10 mp.
You hit the black bear. You bite the black bear. You drain its power.
You feel invigorated.
The black bear bites you but does no damage.
The black bear claws you.
* * * LOW HITPOINT WARNING * * *
The black bear closely misses you.
HP[-1] MP[+5]
You take 1 damage, and now have 4/28 hp.
You regained 5 mp, and now have 5/10 mp.
Casting: Ensorcelled Hibernation (safe; 17% risk of failure)
Confirm with . or Enter, or press ? or * to list all spells.
Aiming: Ensorcelled Hibernation (safe; 17% risk of failure)
Press: ? - help, Shift-Dir - straight line, f/p - black bear
Aim: a black bear (severely wounded, chance to affect: 39%)
The black bear resists with some effort.
The black bear bites you.
* * * LOW HITPOINT WARNING * * *
The black bear claws you.
You die...

Skill      XL: |  1  2  3  4  5 |
---------------+----------------+-----
Short Blades   | 1 2 3 4 5 |  5.1
Armour         | |  0.5
Dodging        | |  1.5
Stealth        | |  3.6
Spellcasting   | |  2.1
Hexes          | |  3.2

Action                   |  1- 3 |  4- 6 || total
-------------------------+-------+-------++-------
Melee: Dagger            |    92 |    96 ||   188
       Bite              |    18 |    29 ||    47
       Punch             |     2 |     2 ||     4
 Cast: Ensorcelled Hiber |     4 |     9 ||    13
 Stab: Sleeping          |    10 |    12 ||    22
Armor: Robe              |    29 |     9 ||    38
Dodge: Dodged            |    64 |    43 ||   107

Levels and vault maps discovered:
D:1:      dpeg_arrival_short_road, layout_loops_cross,
          ebering_ecumenical_altar_abandoned, hangedman_decor_push
D:2:      wad_pebble_path, layout_basic
D:3:      layout_basic
D:4:      layout_gridville, nemelex_spade_bored_becter,
          gammafunk_ghost_necromancy, serial_bayou_lake_a
D:5:      layout_basic, gammafunk_temple_overflow_forgotten,
          worldfamousw_hep_ancestral_shrine, minmay_temple_entry_butterflies,
          grunt_decor_one_mirror

Notes
Turn   | Place    | Note
-------+----------+-------------------------------------------
     0 | D:1      | zeratav the Vine Stalker Enchanter began the quest for the
                  | Orb.
     0 | D:1      | Reached XP level 1. HP: 9/9 MP: 4/4
     0 | D:1      | magus.rc [v1.9.6]
    42 | D:1      | Reached skill level 1 in Short Blades
   105 | D:1      | Found a faded altar of an unknown god.
   602 | D:1      | Reached XP level 2. HP: 13/13 MP: 6/6
   608 | D:1      | Reached skill level 2 in Short Blades
   611 | D:1      | Learned a level 2 spell: Ensorcelled Hibernation
  1270 | D:2      | Reached XP level 3. HP: 16/16 MP: 7/7
  1921 | D:2      | You pick up a book of Displacement and begin reading...
  1921 | D:2      | You add the spells Lesser Beckoning, Gell's Gravitas and
                  | Teleport Other to your library.
  2250 | D:3      | Reached skill level 3 in Short Blades
  2305 | D:3      | Gained mutation: Your natural rate of healing is unusually
                  | fast. [Vine Stalker growth]
  2305 | D:3      | Reached XP level 4. HP: 10/21 MP: 0/8
  2643 | D:3      | HP: 4/21 [orc/+0 trident (6)]
  2649 | D:3      | HP: 3/21 [orc/+0 trident (5)]
  2729 | D:3      | Identified the +3 flail "Xung" {vorpal, rF+}
  3021 | D:4      | Found a runed translucent gate.
  3021 | D:4      | Found a runed translucent gate.
  3038 | D:4      | Found a runed translucent gate.
  3155 | D:4      | Found a sparkling altar of Nemelex Xobeh.
  3178 | D:4      | Reached skill level 4 in Short Blades
  3191 | D:4      | Reached XP level 5. HP: 12/24 MP: 6/9
  3483 | D:4      | Reached skill level 5 in Short Blades
  3566 | D:4      | Noticed an ogre
  3612 | D:4      | Reached XP level 6. HP: 28/28 MP: 3/10
  4025 | D:4      | Noticed durneh's ghost (amateur DsFE)
  4230 | D:5      | Entered Level 5 of the Dungeon
  4277 | D:5      | Noticed a black bear
  4289 | D:5      | HP: 7/28 [black bear (2)]
  4291 | D:5      | HP: 2/28 [black bear (3)]
  4291 | D:5      | Slain by a black bear

Vanquished Creatures
  An orc priest (D:4)
  4 orc wizards (D:4)
  5 adders
  6 orcs
  3 endoplasms
  3 giant cockroaches
  7 goblins
  4 hobgoblins
  2 jackals (D:3)
  3 quokkas
  5 ball pythons
  4 bats
  3 frilled lizards
  8 kobolds
  5 rats
63 creatures vanquished.

Vanquished Creatures (others)
  4 plants (D:4)
4 creatures vanquished.

Grand Total: 67 creatures vanquished

Table legend:
 A = Non-vault XP
 B = Vault XP
 C = Vault XP percentage of total XP
 D = Non-vault monster count
 E = Vault monster count
 F = Vault count percentage of total count
                 A         B        C        D         E       F
            +---------+---------+-------+---------+---------+-------
      Total |     340 |       0 |   0.0 |      63 |       0 |   0.0
            +---------+---------+-------+---------+---------+-------
        D:1 |      19 |       0 |   0.0 |      13 |       0 |   0.0
        D:2 |      33 |       0 |   0.0 |      15 |       0 |   0.0
        D:3 |      75 |       0 |   0.0 |      21 |       0 |   0.0
        D:4 |     213 |       0 |   0.0 |      14 |       0 |   0.0
            +---------+---------+-------+---------+---------+-------

Illustrated notes

Table legend:
 A = Kills in this place as a percentage of kills in entire the game.
 B = Kills by you in this place as a percentage of kills by you in the entire game.
 C = Kills by friends in this place as a percentage of kills by friends in the entire game.
 D = Other kills in this place as a percentage of other kills in the entire game.
 E = Experience gained in this place as a percentage of experience gained in the entire game.
 F = Experience gained in this place divided by the number of levels of this place that you have seen.
                   A       B       C       D       E      F
               +-------+-------+-------+-------+-------+----------------------
         Total | 100.0 | 100.0 |   N/A |   N/A | 100.0 |  68.0
       Dungeon | 100.0 | 100.0 |   N/A |   N/A | 100.0 |  68.0
               +-------+-------+-------+-------+-------+----------------------

Table legend: (Time is in decaauts)
 A = Elapsed time spent in this place.
 B = Non-inter-level travel time spent in this place.
 C = Inter-level travel time spent in this place.
 D = Time resting spent in this place.
 E = Time spent auto-exploring this place.
 F = Levels seen in this place.
 G = Mean time per level.
                   A        B        C        D        E       F      G
               +--------+--------+--------+--------+--------+-----+--------+
         Total |   4293 |   4060 |    233 |    876 |   2249 |   5 |  858.6 |
       Dungeon |   4293 |   4060 |    233 |    876 |   2249 |   5 |  858.6 |
               +--------+--------+--------+--------+--------+-----+--------+

Top non-repeatable levels by time:
     D:4: 1323 daAuts
     D:2: 1110 daAuts
     D:1: 1028 daAuts
     D:3: 772 daAuts
     D:5: 59 daAuts
